 Dungeon Crawl Stone Soup version 0.27-a0-1612-gde56a17b89 (webtiles) character file.

Game seed: 16548696263566403994

61532 rednaxela the Grappler (level 15, -5/129 HPs)
             Began as a Ghoul Necromancer on July 20, 2021.
             Was the Champion of Nemelex Xobeh.
             Killed by divine providence
             ... invoked by an orc priest
              (17 damage)
             ... on level 2 of the Orcish Mines on July 21, 2021.
             The game lasted 01:28:16 (31269 turns).

rednaxela the Grappler (Ghoul Necromancer)         Turns: 31269, Time: 01:28:17

Health: -5/129     AC: 36    Str: 25    XL:     15   Next: 3%
Magic:  23/23      EV:  7    Int: 10    God:    Nemelex Xobeh [******]
Gold:   2675       SH:  4    Dex:  9    Spells: 17/17 levels left

rFire    . . .     SeeInvis .     - Unarmed
rCold    + . .     Faith    +   v - +0 buckler
rNeg     + + +     Spirit   .   o - +4 crystal plate armour
rPois    ∞         Reflect  .   x - +0 helmet
rElec    .         Harm     .   I - +0 cloak
rCorr    .         Rampage  .   t - +0 pair of gloves
Will     +....                  h - +2 pair of boots {Fly}
Stlth    ..........             O - amulet of faith
HPRegen  0.00/turn              N - +6 ring of strength {=R}
MPRegen  0.18/turn              p - +4 ring of protection

@: flying, studying Shields
A: claws 1, cold resistance 1, negative energy resistance 3, inhibited
regeneration, torment resistance 2
a: Renounce Religion, Draw Escape, Draw Destruction, Draw Summoning, Draw Stack,
Triple Draw, Deal Four, Stack Five


You were on level 2 of the Orcish Mines.
You worshipped Nemelex Xobeh.
Nemelex Xobeh was exalted by your worship.
You visited 4 branches of the dungeon, and saw 21 of its levels.
You also visited: Ice Cave.

You collected 3087 gold pieces.
You spent 412 gold pieces at shops.

Inventory:

Missiles
 d - 4 throwing nets {!f}
 G - 2 boomerangs of dispersal
 H - 10 curare-tipped darts
Armour
 h - a +2 pair of boots of flying (worn)
   (You bought it in a shop on level 1 of the Dungeon)
 o - a +4 crystal plate armour (worn)
   (You found it on level 6 of the Lair of Beasts)
 t - a +0 pair of gloves (worn)
   (You found it on level 10 of the Dungeon)
 v - a +0 buckler (worn)
   (You found it on level 6 of the Dungeon)
 x - a +0 helmet (worn)
   (You took it off Robin on level 2 of the Dungeon)
 I - a +0 cloak (worn)
   (You took it off Maurice on level 11 of the Dungeon)
Jewellery
 c - a ring of protection from cold
   (You took it off Maurice on level 11 of the Dungeon)
 f - a ring of protection from fire
   (You found it on level 4 of the Dungeon)
 i - a ring of see invisible
   (You found it on level 10 of the Dungeon)
 p - a +4 ring of protection (right hand)
   (You found it on level 5 of the Lair of Beasts)
 w - a ring of willpower
   (You found it on level 8 of the Dungeon)
 M - an amulet of regeneration
   (You found it in an ice cave)
 N - a +6 ring of strength (left hand) {=R}
   (You found it in an ice cave)
 O - an amulet of faith (around neck)
   (You found it in an ice cave)
Wands
 k - a wand of iceblast (31) {@v2}
   (You found it on level 9 of the Dungeon)
 z - a wand of flame (61) {@v4}
   (You found it on level 7 of the Dungeon)
 A - a wand of mindburst (26)
   (You found it on level 7 of the Dungeon)
 F - a wand of acid (11) {@v1}
   (You found it on level 12 of the Dungeon)
Scrolls
 a - a scroll of fog {!r}
 b - 6 scrolls of magic mapping {@r5 !r}
 e - 6 scrolls of teleportation {@r3 !r}
 j - 4 scrolls of blinking {@r4}
 l - a scroll of torment
 n - 2 scrolls of vulnerability
 r - 9 scrolls of identify {@r1}
 D - a scroll of fear {!r}
 P - a scroll of summoning
 R - a scroll of silence
 S - 2 scrolls of immolation
Potions
 m - 7 potions of curing {@q1 !q}
 s - 6 potions of haste {@q4 !q}
 u - 2 potions of lignification {@q5}
 B - 2 potions of ambrosia {!q}
 C - 2 potions of cancellation {!q}
 K - a potion of resistance
 L - 5 potions of heal wounds {@q2 !q}
Miscellaneous
 q - a lightning rod (4/4)
   (You found it on level 10 of the Dungeon)


   Skills:
 - Level 11.0 Fighting
 + Level 10.3 Armour
 - Level 10.0 Dodging
 - Level 2.1 Stealth
 - Level 4.0 Shields
 + Level 14.5 Unarmed Combat
 - Level 1.7 Spellcasting
 - Level 4.0 Necromancy
 + Level 12.7 Invocations


You had 17 spell levels left.
You didn't know any spells.
Your spell library contained the following spells:

 Spells                   Type           Power      Damage    Failure   Level
 Animate Skeleton         Necr           16%        N/A       95%         1
 Pain                     Necr           32%        1d5       95%         1
 Passwall                 Tmut/Erth      0%         N/A       100%        2
 Slow                     Hex            0%         N/A       100%        2
 Confusing Touch          Hex            0%         N/A       100%        3
 Swiftness                Air            0%         N/A       100%        3
 Vampiric Draining        Necr           4%         2d6       100%        3
 Airstrike                Air            0%         N/A       100%        4
 Animate Dead             Necr           4%         N/A       100%        4
 Summon Lightning Spire   Summ/Air       0%         N/A       100%        4
 Agony                    Necr           8%         N/A       100%        5
 Iskenderun's Battlesphe  Conj           0%         2d6       100%        5
 Lightning Bolt           Conj/Air       0%         1d11      100%        5
 Yara's Violent Unravell  Hex/Tmut       0%         3d3       100%        5
 Invisibility             Hex            0%         N/A       100%        6
 Iron Shot                Conj/Erth      0%         9d1       100%        6
 Spellforged Servitor     Conj/Summ      0%         N/A       100%        7


Dungeon Overview and Level Annotations

Branches:
Dungeon (12/15)            Temple (1/1) D:6            Lair (6/6) D:11
  Swamp (0/4) Lair:3        Snake (0/4) Lair:2        Slime (0/5) Lair:5
    Orc (2/2) D:12            Elf (0/3) Orc:2         IceCv (visited)

Altars:
Ashenzari
Cheibriados
Dithmenos
Elyvilon
Fedhas
Gozag
Hepliaklqana
Kikubaaqudgha
Makhleb
Nemelex Xobeh
Okawaru
Qazlal
Ru
Sif Muna
Trog
Uskayaw
Vehumet
Wu Jian
Xom
Yredelemnul
Zin
The Shining One

Shops:
D:1 [   D:3 (   D:7 [   D:8 (   Orc:1 (*   Orc:2 (

Annotations:
Lair:5 3 runed translucent doors, Bihe's ghost, journeyman HuBe; Dittersdorf's ghost, journeyman GrFi
Orc:1 1 runed translucent door, Hockoje's ghost, journeyman DsNe


Innate Abilities, Weirdness & Mutations

You thrive by killing the living.
You are immune to poison.
You have sharp fingernails.
Your flesh is cold resistant. (rC+)
You are immune to negative energy. (rN+++)
You do not regenerate when monsters are visible.
You are immune to unholy pain and torment.


Message History

An orc priest comes into view. It is wielding a +0 flail.
The orc warrior hits you but does no damage.
The orc priest looks satisfied for a moment.
You barely miss the orc warrior. You hit the orc warrior.
The orc warrior is lightly wounded.
An orc warrior comes into view. It is wielding a +0 long sword.
The orc warrior shouts!
You hit the orc warrior but do no damage.
The orc warrior is lightly wounded.
The orc warrior hits you with a +1 flail of protection.
The orc priest casts a cantrip, but nothing happens.
You pummel the orc warrior!!
The orc warrior is almost dead.
The orc warrior hits you with a +1 flail of protection.
You block the orc priest's attack.
You punch the orc warrior!
You kill the orc warrior!
You feel better.
You completely miss the orc knight.
The orc knight hits you but does no damage.
You barely miss the orc knight.
You hit the orc knight but do no damage.
The orc priest no longer looks unusually strong. x2
The orc knight hits you with a +0 great mace of holy wrath.
You convulse.
You barely miss the orc knight.
The orc no longer looks unusually strong.
The orc priest looks satisfied for a moment.
You block the orc knight's attack.
You hit the orc knight.
The orc knight is lightly wounded.
The orc warrior hits you with a +0 hand axe!
You draw a card...
You have drawn the Orb.
Press: ? - help, Shift-Dir - straight line, f - orc knight
Aim: an orc knight, wielding a +0 great mace of holy wrath and wearing a +0 chain mail The wavering orb of destruction weakly hits the orc knight!!!
The orc knight is heavily wounded.
The orc priest no longer looks unusually strong.
The orc priest mumbles some strange prayers to Beogh against you.
Beogh smites you!
* * * LOW HITPOINT WARNING * * *
The orc knight hits you but does no damage.
The orc priest looks encouraged for a moment.
The orc priest miscasts a cantrip.
You draw a card...
You have drawn the Dance.
You block the orc knight's attack.
The orc warrior hits you with a +0 hand axe!
* * * LOW HITPOINT WARNING * * *
The orc priest invokes the aid of Beogh against you.
Beogh smites you!
* * * LOW HITPOINT WARNING * * *
The orc priest looks encouraged for a moment.
The orc warrior no longer looks unusually strong.
Your -1 trident hits the orc knight!
Your -1 trident hits the orc knight!
The orc knight roars a battlecry!
The orcs go into a battle-frenzy!
Your -1 trident barely misses the orc knight.
Your -1 trident barely misses the orc knight.
The orc priest begins to cast a cantrip, but forgets the words!
You hit the orc knight.
The orc knight is almost dead.
Your -1 trident hits the orc knight!
The orc knight dies!
The orc warrior completely misses your -1 trident.
You barely miss the orc priest.
Your -1 trident hits the orc priest.
Your -1 trident barely misses the orc priest.
The orc warrior barely misses your -1 trident.
You punch the orc priest!
You kill the orc priest!
You feel better.
The orc warrior hits you but does no damage.
A smoke demon comes into view.
Your -1 trident hits the orc warrior from afar!
The orc warrior closely misses your -1 trident.
The orc warrior hits you from afar with a +0 glaive!
* * * LOW HITPOINT WARNING * * *
Your -1 trident hits the orc warrior from afar!
The orc warrior throws a boomerang.
The boomerang hits your -1 trident!
Your -1 trident hits the orc warrior but does no damage.
The orc warrior closely misses your -1 trident.
Your -1 trident hits the orc warrior but does no damage.
The orc priest mumbles some strange prayers to Beogh against you.
Beogh smites you!
* * * LOW HITPOINT WARNING * * *
The orc warrior hits your -1 trident with a +0 hand axe!
The orc warrior completely misses your -1 trident.
The orc priest looks braver for a moment.
Your -1 trident hits the orc warrior from afar.
The orc warrior dies!
The orc warrior throws a boomerang.
The boomerang hits your -1 trident!
Your -1 trident is destroyed!
The orc priest invokes the aid of Beogh against you.
Beogh smites you!
* * * LOW HITPOINT WARNING * * *
The orc priest mumbles some strange prayers to Beogh against you.
Beogh smites you!
You die...
Your body glows with a rainbow of weird colours and disappears.

,,,,*,#..###.....................
,*,,,,*#3o###....................
***,,,**#oo###...................
*,**,,,**#)o####.................
,,,**,,,*##oo##..................
,,,,**,,,*##)....................
*,*,,**,,,*##....................
∩,∩*,,**,*,*##...................
,,,**,,**,,,*##.@................
*∩**,,**,*,*##..)<...............
***,,**,,,*##....)...............
,*,,**,,,*##.....................
,,,**,,,*##..................##..
,*,*,,,*##...................#...
,,,,,,*##.....................#..
,,,*,*##......................#..
,,,,*##...........#..............


You could see 2 orc warriors, 3 orc priests and an orc (strong).

Vanquished Creatures
  A white draconian (IceCv)
  Harold (D:8)
  3 hydras
  A catoblepas (Lair:6)
  Erica (D:8)
  3 death yaks (Lair:6)
  2 two-headed ogres
  A deep troll shaman (Lair:6)
  An orc high priest (Orc:1)
  Sonja (D:12)
  A sea snake (Lair:6)
  A lindwurm (Lair:6)
  An orc knight (D:11)
  An orc sorcerer (Orc:2)
  An ugly thing (D:11)
  3 cyclopes
  13 elephants
  2 ice statues (IceCv)
  2 black mambas
  Maurice (D:11)
  8 cane toads
  An unseen horror (D:11)
  A kobold demonologist (D:10)
  Maggie (Lair:2)
  8 rime drakes
  8 komodo dragons
  2 trolls (D:12)
  A polar bear (Lair:4)
  Prince Ribbit (D:9)
  7 slime creatures
  21 blink frogs
  A hornet (D:11)
  3 shadows
  A spriggan (D:7)
  2 wraiths (D:12)
  5 wyverns
  2 basilisks
  50 yaks
  2 vampire mosquitoes (D:11)
  6 wargs
  An acid dragon (D:11)
  16 water moccasins
  4 black bears
  13 orc warriors
  3 ice beasts
  15 ogres
  A sky beast (D:4)
  A necrophage (D:4)
  A boggart (D:11)
  7 wolves
  3 centaurs
  3 phantoms
  A kobold brigand (D:7)
  11 bullfrogs
  3 scorpions
  A wyvern skeleton (D:7)
  9 lindwurm simulacra (IceCv)
  4 electric eels
  3 jellies
  6 howler monkeys
  3 komodo dragon simulacra (IceCv)
  6 centaur zombies
  2 bullfrog zombies
  3 hounds
  4 bullfrog skeletons
  12 orc priests
  A centaur skeleton (D:6)
  A gnoll shaman (D:8)
  An iron imp (D:9)
  17 orc wizards
  2 iguanas
  A killer bee zombie (D:5)
  A hound skeleton (D:4)
  A howler monkey zombie (D:8)
  Robin (D:2)
  15 gnolls
  7 adders
  5 acid dragon simulacra (IceCv)
  13 white imps
  4 steam dragon simulacra (IceCv)
  2 adder skeletons (D:4)
  A worm (D:3)
  7 dart slugs
  45 orcs
  A bat zombie (D:7)
  7 endoplasms
  4 giant cockroaches
  19 goblins
  11 hobgoblins
  11 jackals
  3 quokkas
  4 ball pythons
  5 bats
  3 frilled lizards
  15 kobolds
  5 rats
  2 rat zombies (D:7)
523 creatures vanquished.

Vanquished Creatures (collateral kills)
  Jorgrun (D:12)
  Rupert (Lair:5)
  Nessos (Lair:6)
  Snorg (Lair:5)
  A boulder beetle (Lair:6)
  3 hydras
  An orc high priest (Orc:1)
  A goliath frog (D:12)
  3 orc knights
  A troll (Orc:1)
  A polar bear (Lair:6)
  A water moccasin (Lair:5)
  4 orc warriors
  3 wolves (Lair:6)
  A bullfrog (Lair:5)
  2 iron imps (D:9)
  A jelly (Lair:5)
  An orc wizard (Orc:1)
  6 orcs
  A rat zombie (D:7)
35 creatures vanquished.

Vanquished Creatures (others)
  3 bushes (D:11)
  A butterfly (Lair:5)
  26 fungi
  41 plants
  6 withered plants (Lair:5)
77 creatures vanquished.

Grand Total: 635 creatures vanquished

Notes
Turn   | Place    | Note
-------+----------+-------------------------------------------
     0 | D:1      | rednaxela the Ghoul Necromancer began the quest for the
                  | Orb.
     0 | D:1      | Reached XP level 1. HP: 14/14 MP: 2/2
    11 | D:1      | Found Qounokk's Antique Armour Shop.
    79 | D:1      | Reached skill level 1 in Unarmed Combat
   308 | D:1      | Reached XP level 2. HP: 20/20 MP: 3/3
   368 | D:1      | Reached skill level 2 in Unarmed Combat
   682 | D:1      | Reached XP level 3. HP: 26/26 MP: 4/4
   985 | D:1      | Reached skill level 3 in Unarmed Combat
  1380 | D:2      | Found a faded altar of an unknown god.
  1689 | D:2      | Noticed Robin
  1706 | D:1      | Reached XP level 4. HP: 18/33 MP: 5/5
  1932 | D:2      | Reached skill level 4 in Unarmed Combat
  2130 | D:2      | Killed Robin
  2583 | D:3      | Found an iron altar of Okawaru.
  2818 | D:3      | Found Lagu's Weapon Boutique.
  3259 | D:4      | Noticed a scorpion
  3271 | D:4      | Killed a scorpion
  3272 | D:4      | Reached skill level 5 in Unarmed Combat
  3272 | D:4      | Reached XP level 5. HP: 28/38 MP: 6/6
  3718 | D:4      | Noticed a necrophage
  3734 | D:4      | Noticed a phantom
  3754 | D:3      | Killed a phantom
  3755 | D:3      | Reached skill level 6 in Unarmed Combat
  3755 | D:3      | Reached XP level 6. HP: 20/45 MP: 7/7
  3931 | D:4      | Killed a necrophage
  3932 | D:4      | Reached skill level 7 in Unarmed Combat
  4172 | D:4      | Reached XP level 7. HP: 43/50 MP: 8/8
  4323 | D:4      | Found a hazy altar of Hepliaklqana.
  4324 | D:4      | Found a shimmering altar of Xom.
  4325 | D:4      | Noticed a spectral ugly thing
  4719 | D:4      | Reached skill level 8 in Unarmed Combat
  4963 | D:4      | Reached skill level 9 in Unarmed Combat
  5339 | D:4      | Reached XP level 8. HP: 23/57 MP: 9/9
  5605 | D:4      | Reached skill level 10 in Unarmed Combat
  5662 | D:5      | Entered Level 5 of the Dungeon
  6151 | D:5      | Reached skill level 11 in Unarmed Combat
  6940 | D:5      | Reached XP level 9. HP: 62/62 MP: 10/10
  6962 | D:5      | Reached skill level 12 in Unarmed Combat
  7190 | D:6      | Found a staircase to the Ecumenical Temple.
  7209 | Temple   | Entered the Ecumenical Temple
  7294 | Temple   | Became a worshipper of Nemelex Xobeh the Trickster
  7373 | D:5      | Reached skill level 1 in Invocations
  7646 | D:6      | Reached skill level 2 in Invocations
  8188 | D:1      | Bought a pair of runed boots for 225 gold pieces
  8438 | D:7      | Found Zyzoh's Antique Armour Shoppe.
  8465 | D:7      | Reached skill level 1 in Shields
  8465 | D:7      | Reached skill level 3 in Invocations
  8527 | D:7      | Noticed an eight-headed hydra
  9188 | D:5      | Upgraded the game from 0.27-a0-1595-g0b823d0a13 to
                  | 0.27-a0-1612-gde56a17b89
  9959 | D:7      | Reached skill level 2 in Shields
  9993 | D:7      | Reached * piety under Nemelex Xobeh
 10015 | D:8      | Found a basalt altar of Yredelemnul.
 10067 | D:8      | Noticed Harold
 10096 | D:8      | HP: 2/62 [Harold/harpoon shot (6)]
 10098 | D:8      | Killed Harold
 10099 | D:8      | Reached skill level 3 in Shields
 10099 | D:8      | Reached skill level 13 in Unarmed Combat
 10099 | D:8      | Reached skill level 5 in Invocations
 10099 | D:8      | Reached XP level 10. HP: 15/69 MP: 10/12
 10456 | D:8      | Found a bloodstained altar of Trog.
 10456 | D:8      | Noticed a two-headed ogre
 10474 | D:8      | Killed a two-headed ogre
 10475 | D:8      | Reached skill level 4 in Shields
 10773 | D:8      | Found Vaog Dya's Weapon Shop.
 10798 | D:8      | Reached skill level 6 in Invocations
 11104 | D:8      | Noticed Erica
 11116 | D:8      | Killed Erica
 11338 | D:8      | Reached skill level 7 in Invocations
 11521 | D:9      | Received a gift from Nemelex Xobeh
 11614 | D:9      | Reached skill level 1 in Fighting
 11674 | D:9      | Noticed Prince Ribbit
 11688 | D:9      | Killed Prince Ribbit
 11689 | D:9      | Reached skill level 1 in Armour
 11729 | D:9      | Found a burning altar of Makhleb.
 11816 | D:9      | Noticed a seven-headed hydra
 11837 | D:9      | Reached skill level 2 in Fighting
 11837 | D:9      | Reached skill level 14 in Unarmed Combat
 11875 | D:9      | Killed a seven-headed hydra
 11876 | D:9      | Reached skill level 2 in Armour
 11879 | D:9      | Reached skill level 3 in Fighting
 12032 | D:9      | Reached XP level 11. HP: 56/82 MP: 15/15
 12149 | D:9      | Reached ** piety under Nemelex Xobeh
 12335 | D:9      | Found a broken altar of Ashenzari.
 12569 | D:10     | Entered Level 10 of the Dungeon
 12578 | D:10     | Received a gift from Nemelex Xobeh
 12585 | D:10     | Noticed a soul eater
 12886 | D:10     | Noticed a soul eater
 12901 | D:10     | Noticed a sun demon
 12905 | D:10     | Reached skill level 4 in Fighting
 12905 | D:10     | Reached skill level 3 in Armour
 12905 | D:10     | Reached skill level 2 in Dodging
 13047 | D:10     | Noticed a cyclops
 13058 | D:10     | Killed a cyclops
 14123 | D:10     | Received a gift from Nemelex Xobeh
 14143 | D:10     | Reached skill level 5 in Fighting
 14143 | D:10     | Reached skill level 4 in Armour
 14609 | D:7      | Reached *** piety under Nemelex Xobeh
 14628 | D:7      | Killed an eight-headed hydra
 14672 | D:7      | Reached skill level 3 in Dodging
 14826 | D:7      | Found an ancient bone altar of Kikubaaqudgha.
 15150 | D:11     | Noticed a purple ugly thing
 15159 | D:11     | Killed a cyan ugly thing
 15167 | D:11     | Reached skill level 6 in Fighting
 15240 | D:11     | Reached skill level 5 in Armour
 15257 | D:11     | Noticed an orc knight
 15299 | D:11     | Killed an orc knight
 15524 | D:11     | Received a gift from Nemelex Xobeh
 15790 | D:11     | Reached skill level 7 in Fighting
 15796 | D:11     | Noticed Maurice
 15797 | D:11     | Noticed a six-headed hydra
 15808 | D:11     | Killed a six-headed hydra
 15809 | D:11     | Reached skill level 6 in Armour
 15809 | D:11     | Reached skill level 4 in Dodging
 15832 | D:11     | Reached XP level 12. HP: 92/101 MP: 16/16
 15864 | D:11     | Killed Maurice
 16056 | D:11     | Found a staircase to the Lair.
 16072 | D:11     | Noticed a two-headed ogre
 16089 | D:11     | Killed a two-headed ogre
 16090 | D:11     | Reached skill level 8 in Fighting
 16694 | D:12     | Reached skill level 7 in Armour
 16966 | D:12     | Noticed an eight-headed hydra
 16970 | D:12     | an eight-headed hydra changed into a goliath frog
 17280 | D:12     | Reached skill level 5 in Dodging
 17773 | D:12     | Reached skill level 9 in Fighting
 18197 | D:12     | Found a staircase to the Orcish Mines.
 18319 | D:12     | Received a gift from Nemelex Xobeh
 18373 | D:12     | Noticed Sonja
 18375 | D:12     | Killed Sonja
 18661 | D:12     | Noticed Jorgrun
 18676 | D:12     | Killed Jorgrun
 18677 | D:12     | Reached skill level 8 in Armour
 18932 | D:11     | Reached skill level 10 in Fighting
 19642 | Lair:1   | Entered Level 1 of the Lair of Beasts
 19822 | Lair:1   | Reached skill level 6 in Dodging
 19898 | Lair:1   | Reached XP level 13. HP: 98/114 MP: 17/17
 20027 | Lair:1   | Received a gift from Nemelex Xobeh
 20043 | Lair:1   | Reached **** piety under Nemelex Xobeh
 20102 | Lair:1   | Received a gift from Nemelex Xobeh
 20559 | Lair:1   | Reached skill level 9 in Armour
 20609 | Lair:2   | Found a frozen archway.
 20655 | IceCv    | Entered an ice cave
 21582 | IceCv    | Noticed a white draconian
 21603 | IceCv    | Killed a white draconian
 22059 | Lair:2   | Received a gift from Nemelex Xobeh
 22109 | Lair:2   | Identified a scroll of acquirement
 22110 | Lair:2   | Acquired 699 gold pieces
 22223 | Lair:2   | Noticed Maggie
 22239 | Lair:2   | Killed Maggie
 22240 | Lair:2   | Reached skill level 11 in Fighting
 22436 | Lair:2   | Received a gift from Nemelex Xobeh
 22638 | Lair:2   | Found a staircase to the Snake Pit.
 22888 | Lair:3   | Found a staircase to the Swamp.
 23308 | Lair:3   | Reached ***** piety under Nemelex Xobeh
 23359 | Lair:3   | Received a gift from Nemelex Xobeh
 23500 | Lair:3   | Reached skill level 10 in Armour
 23500 | Lair:3   | Reached skill level 8 in Invocations
 23506 | Lair:3   | Reached skill level 7 in Dodging
 24017 | Lair:3   | Received a gift from Nemelex Xobeh
 24596 | Lair:4   | Reached skill level 9 in Invocations
 24847 | Lair:4   | Reached skill level 8 in Dodging
 25135 | Lair:4   | Received a gift from Nemelex Xobeh
 25279 | Lair:4   | Reached XP level 14. HP: 58/124 MP: 20/20
 25667 | Lair:4   | Found an opulent altar of Gozag.
 25815 | Lair:4   | Reached skill level 10 in Invocations
 26263 | Lair:5   | Noticed Snorg
 26339 | Lair:5   | Received a gift from Nemelex Xobeh
 26439 | Lair:5   | Reached skill level 9 in Dodging
 26710 | Lair:5   | Killed Snorg
 26728 | Lair:5   | Identified the -2 quarterstaff of Vennott {freeze, rN+
                  | Will+}
 27146 | Lair:5   | Received a gift from Nemelex Xobeh
 27147 | Lair:5   | Found a runed translucent gate.
 27147 | Lair:5   | Found a runed translucent gate.
 27147 | Lair:5   | Found a runed translucent gate.
 27148 | Lair:5   | Noticed Bihe's ghost (journeyman HuBe)
 27149 | Lair:5   | Noticed Dittersdorf's ghost (journeyman GrFi)
 27216 | Lair:5   | Noticed Rupert
 27228 | Lair:5   | Killed Rupert
 27447 | Lair:5   | Reached ****** piety under Nemelex Xobeh
 27534 | Lair:5   | Reached skill level 11 in Invocations
 27547 | Lair:5   | Found a staircase to the Slime Pits.
 27911 | Lair:6   | Entered Level 6 of the Lair of Beasts
 28356 | Lair:6   | Received a gift from Nemelex Xobeh
 28370 | Lair:6   | Reached skill level 10 in Dodging
 28484 | Lair:6   | Noticed Nessos
 28498 | Lair:6   | Killed Nessos
 28945 | Lair:6   | Reached skill level 12 in Invocations
 29561 | Lair:6   | Received a gift from Nemelex Xobeh
 30054 | Orc:1    | Entered Level 1 of the Orcish Mines
 30089 | Orc:1    | Found Rajid's Antique Weapon Shoppe.
 30478 | Orc:1    | Received a gift from Nemelex Xobeh
 30705 | Orc:1    | Found Ytruurox's Assorted Antiques.
 30712 | Orc:1    | You are sucked into a shaft and drop 1 floor!
 30712 | Orc:2    | Entered Level 2 of the Orcish Mines
 30724 | Orc:2    | Found a staircase to the Elven Halls.
 30754 | Orc:1    | Bought a scroll of blinking for 187 gold pieces
 30767 | Orc:1    | Found a runed translucent door.
 30768 | Orc:1    | Found a shimmering altar of Xom.
 30768 | Orc:1    | Noticed Hockoje's ghost (journeyman DsNe)
 30811 | Orc:1    | Received a gift from Nemelex Xobeh
 30908 | Orc:2    | Reached XP level 15. HP: 129/129 MP: 23/23
 30976 | Orc:2    | Received a gift from Nemelex Xobeh
 31033 | Orc:2    | Found Wapidya's Firing Range.
 31106 | Orc:2    | Received a gift from Nemelex Xobeh
 31269 | Orc:2    | Killed from afar by an orc priest

Illustrated notes

Levels and vault maps discovered:
D:1:      grunt_arrival_crossed_arrows, layout_loops_ring, serial_shops,
          nicolae_shop_temple_entry_statues_fountains
D:2:      layout_loops_ring, dreamdust_ecumenical_altar_statues,
          kennysheep_generic_room_13, uniq_robin
D:3:      layout_basic, mainiacjoe_overflow_six_doors_small, serial_shops, shop
D:4:      layout_loops_cross, regret_index_temple_of_mockery, st_stairs_3,
          corexii_corridor_pit, minmay_divided_ellipse
D:5:      layout_basic
D:6:      corexii_shack_village, layout_cave_pools, minmay_temple_entry_wispy,
          grunt_ministairs_1, roderic_roman_lattice
D:7:      layout_rooms, lemuel_zombie_altar_kikubaaqudgha, zin_academy,
          serial_shops, shop_statue, the_hattery
D:8:      layout_loops_ring, lemuel_crystal_altar, bloody_trog,
          mainiacjoe_overflow_surrounded_room, serial_shops,
          kennysheep_little_box, uniq_harold, uniq_erica
D:9:      layout_irregular_city, demons_altar, nicolae_ashenzari_skybound,
          palyth_stone_intersect, uniq_prince_ribbit1
D:10:     layout_basic
D:11:     layout_loops_cross, minmay_lair_entry_grove, enter_bailey_6,
          minmay_checkerbox, uniq_maurice
D:12:     layout_grid_maze, minmay_orc_entry_guard_dogs, special_room
          [special_room_orc], uniq_jorgrun, uniq_sonja
Temple:   nicolae_temple_hex_pool
Lair:1:   layout_chaotic_city, columned_hall_lemuel
Lair:2:   layout_cave_pods, dummy_snake_entry, portal_ice_cave_entry_imps,
          enter_volcano_1, grunt_megastairs_5, uniq_maggie
Lair:3:   layout_chaotic_city, swamp_mist, grunt_megastairs_1,
          serial_bayou_shore_a
Lair:4:   layout_roguey, basic_altar
Lair:5:   layout_small_grid, nicolae_slime_entry_slimehenge,
          gammafunk_ghost_cemetery, chequers_serial_rivers_small_3,
          lemuel_fruit_fields, uniq_rupert, uniq_snorg
Lair:6:   grunt_lair_end_beastmaster, layout_regular_city, grunt_megastairs_3,
          infiniplex_staircase_pool, uniq_nessos
Orc:1:    layout_caves, serial_shops, nicolae_square_shop, ebering_ghost_xom,
          guppyfry_orc_lava_fort
Orc:2:    pf_orc_diabolical, layout_caves, serial_shops, shop,
          nicolae_shop_firing_range

Skill      XL: |  1  2  3  4  5  6  7  8  9 10 11 12 13 14 |
---------------+-------------------------------------------+-----
Unarmed Combat | 1 2 3 5 6 7 9 11 13 14 | 14.5
Invocations    | 5 7 9 12 | 12.7
Shields        | 3 4 |  4.0
Fighting       | 3 7 10 11 | 11.0
Armour         | 2 6 8 10 | 10.3
Dodging        | 4 6 8 10 | 10.0
Stealth        | |  2.1
Spellcasting   | |  1.7
Necromancy     | |  4.0

Action                   |  1- 3 |  4- 6 |  7- 9 | 10-12 | 13-15 || total
-------------------------+-------+-------+-------+-------+-------++-------
Melee: Unarmed           |   125 |   158 |   427 |   679 |  1356 ||  2745
       Punch             |     2 |     3 |    16 |       |       ||    21
Throw: Dart              |       |       |     1 |       |       ||     1
       Throwing net      |       |       |       |     1 |       ||     1
Invok: Draw Summoning    |       |       |       |     9 |    10 ||    19
       Draw Destruction  |       |       |       |    19 |    17 ||    36
       Triple Draw       |       |       |       |     1 |       ||     1
       Stack Five        |       |       |       |       |     1 ||     1
       Draw Stack        |       |       |       |       |     1 ||     1
Evoke: Wand              |       |       |     1 |       |     3 ||     4
  Use: Potion            |       |       |     5 |     3 |       ||     8
       Scroll            |       |       |    19 |     2 |    14 ||    35
 Stab: Sleeping          |     6 |     3 |     1 |       |       ||    10
       Held in net/web   |       |       |       |     1 |       ||     1
       Petrified         |       |       |       |       |     9 ||     9
       Petrifying        |       |       |       |       |     1 ||     1
Armor: Robe              |    17 |    36 |     7 |       |       ||    60
       Scale mail        |       |       |   135 |   176 |       ||   311
       Ice dragon scales |       |       |       |    80 |   491 ||   571
       Crystal plate arm |       |       |       |       |   137 ||   137
Dodge: Dodged            |    59 |    74 |   156 |   201 |   487 ||   977
Block: Buckler           |       |       |     6 |    87 |   185 ||   278

Table legend: (Time is in decaauts)
 A = Elapsed time spent in this place.
 B = Non-inter-level travel time spent in this place.
 C = Inter-level travel time spent in this place.
 D = Time resting spent in this place.
 E = Time spent auto-exploring this place.
 F = Levels seen in this place.
 G = Mean time per level.
                   A        B        C        D        E       F      G
               +--------+--------+--------+--------+--------+-----+--------+
         Total |  30687 |  28861 |   1826 |   3773 |  18964 |  22 | 1394.9 |
       Dungeon |  19492 |  18093 |   1399 |   2816 |  11410 |  12 | 1624.3 |
        Temple |     96 |     76 |     20 |      0 |     74 |   1 |   96.0 |
          Lair |   8737 |   8347 |    390 |    506 |   6129 |   6 | 1456.2 |
  Orcish Mines |   1168 |   1151 |     17 |      0 |    863 |   2 |  584.0 |
      Ice Cave |   1192 |   1192 |      0 |    451 |    488 |   1 | 1192.0 |
               +--------+--------+--------+--------+--------+-----+--------+

Top non-repeatable levels by time:
    D:12: 2467 daAuts
     D:4: 2295 daAuts
  Lair:4: 2268 daAuts
    D:11: 1858 daAuts
  Lair:6: 1779 daAuts
    D:10: 1769 daAuts
     D:3: 1744 daAuts
     D:5: 1731 daAuts
  Lair:3: 1517 daAuts
     D:8: 1479 daAuts
     D:9: 1381 daAuts
     D:1: 1366 daAuts
     D:2: 1334 daAuts
     D:6: 1253 daAuts
  Lair:5: 1241 daAuts
